[Event "1st Anfield Cup 2022"]
[Site "Kyiv"]
[Date "2022.09.24"]
[Round "1.1"]
[White "Golichenko, Ilija"]
[Black "Sydoryka, Vladyslav"]
[Result "0-1"]
[ECO "E32"]
[WhiteElo "2413"]
[BlackElo "2278"]
[Annotator "TA"]
[PlyCount "52"]
[EventDate "2022.09.20"]
[EventType "swiss"]
[EventCountry "UKR"]
[SourceTitle "playchess.com"]
[Source "ChessBase"]
[SourceQuality "1"]
[TimeControl "900+10"]

1. d4 Nf6 2. c4 e6 3. Nc3 Bb4 4. Qc2 O-O 5. a3 Bxc3+ 6. Qxc3 d5 $1 {[%emt 0:00:02][%mdl 4] is more profitable than 6...b6 at the moment.} 7. Bg5 h6 {[%emt 0:00:07] E36: Nimzo-Indian: Classical: 4...d5 5 a3.} (7... c5 {looks sharper.} 8. cxd5 cxd4 9. Qxd4 Nc6) 8. Bh4 (8. Bxf6 $5 Qxf6 9. e3 $11) 8... c5 9. cxd5 (9. dxc5 $11 {remains equal.} d4 10. Qg3) 9... cxd4 (9... g5 $142 $1 {White must now prevent ...Ne4.} 10. Bg3 Ne4) 10. Qxd4 Nc6 {[%emt 0:00:13] [#]} ({Don't take} 10... exd5 11. Bxf6 Qxf6 12. Qxf6 gxf6 13. e3 $14) (10... g5 $5 11. Bg3 Nc6 $15) 11. Qc5 $146 (11. Qf4 $15 Nxd5 12. Bxd8 Nxf4 13. Bc7) ({Predecessor:} 11. Qd2 exd5 12. Rd1 Re8 13. Nf3 Bg4 14. h3 Bxf3 15. gxf3 Ne5 16. Bg2 Ng6 17. Bg3 {0-1 (33) Stolberg Rohr,T (1975)-Poeck,O (2195) Lueneburg 2018}) 11... exd5 $17 {[%emt 0:02:10] aiming for ...g5.} ({And not} 11... Qxd5 12. Qxd5 Nxd5 13. e4 $11) 12. e3 $2 {[%emt 0:00:04] Now White is beyond hope.} (12. Rd1 $17 {was worth a try.}) 12... g5 $1 $19 13. Bg3 Ne4 14. Qb5 a6 15. Qa4 b5 16. Qc2 (16. Bxb5 Nc5 17. Qd1 (17. Qc2 $2 Qa5+ 18. Kf1 Qxb5+ $19) 17... axb5 18. Rc1 Qa5+ 19. b4 Nxb4 20. axb4 Qxb4+ 21. Kf1) 16... Qa5+ $1 {[%emt 0:00:16] Black is clearly winning.} 17. Kd1 {[%emt 0:00:02] [#]} Bf5 $1 18. Bd3 Nb4 19. axb4 Qxa1+ 20. Ke2 Rac8 21. Bc7 Rfe8 22. f3 {[%emt 0:01:11] [#]} Re7 (22... Ng3+ $142 $1 23. hxg3 {[#]} Rxc7 $1 ) 23. fxe4 Rexc7 (23... dxe4 $142 24. Bxe4 Bxe4) 24. Qb1 Qxb1 25. Bxb1 dxe4 {[%emt 0:00:20] ...Rc1 is the strong threat.} 26. Nh3 Rc1 {[%emt 0:00:08] Weighted Error Value: White=1.30/Black=1.06} 0-1

[Event "1st Anfield Cup 2022"]
[Site "Kyiv"]
[Date "2022.09.24"]
[Round "1.2"]
[White "Danilov, Sergey S."]
[Black "Vysochin, Spartak"]
[Result "0-1"]
[ECO "C01"]
[WhiteElo "2128"]
[BlackElo "2512"]
[Annotator "TA"]
[PlyCount "118"]
[EventDate "2022.09.20"]
[EventType "swiss"]
[EventCountry "UKR"]
[SourceTitle "playchess.com"]
[Source "ChessBase"]
[SourceQuality "1"]
[TimeControl "900+10"]

1. e4 e6 2. d4 d5 3. exd5 exd5 4. Nf3 Nf6 5. Bd3 c5 6. c3 Bd6 7. h3 O-O 8. O-O h6 9. Re1 {[%emt 0:00:17] C01: French: Exchange Variation.} Nc6 10. Be3 {[%emt 0:00:15] [#]} (10. dxc5 $142 Bxc5 11. Be3) 10... c4 $146 ({Predecessor:} 10... b6 11. Nbd2 Qc7 12. a3 c4 13. Bc2 b5 14. Rc1 a5 15. Bb1 Be6 16. Qc2 b4 17. axb4 axb4 {1-0 (79) Al Marawi,A-Doepper,A (1654) Germany 2016}) 11. Bc2 {[%emt 0:00:01] The position is equal.} b5 12. Qd2 Re8 (12... Ne4 $5 13. Qc1 f5 $15) 13. a4 b4 14. cxb4 Bxb4 15. Nc3 Ne4 16. Bxe4 Rxe4 17. Bxh6 $1 gxh6 18. Qxh6 Qd6 $1 (18... Nxd4 $2 19. Nxd4 Rxd4 20. Re5 $18) 19. Qg5+ Qg6 20. Nxe4 dxe4 21. Rxe4 Bf5 $36 {[%emt 0:01:15][%mdl 2048] Black fights for an advantage.} 22. Rf4 Qxg5 {[%emt 0:00:09] Dancing on a razor blade.} 23. Nxg5 Bg6 {[%emt 0:00:28] A strong pair of Bishops.} 24. Nf3 {[%emt 0:00:35] Against Bd2} Rb8 25. Rc1 Na5 26. Rg4 Bd6 (26... Kh7 $11) 27. Rc2 $2 (27. Nh4 $16 {stays on course.} Bc7 28. Nxg6 fxg6 29. Rxg6+ Kf7 30. Ra6) 27... Kf8 $17 {[%emt 0:00:21][%mdl 1024] Black has strong compensation. Black is more active. Black keeps a firm grip on the game.} 28. Rd2 (28. Rxg6 $17 fxg6 29. Ne5 Bxe5 30. dxe5) 28... Nb3 $2 ({Black should play} 28... c3 $1 $19 29. Rd1 cxb2) 29. Re2 (29. Rd1 $1 $11 {and White is okay.}) 29... Nc1 $19 30. Rd2 Nd3 {[%emt 0:00:02] Inhibits Ne5. Threatens to win with ...c3.} 31. Ne5 $2 (31. Rh4 c3 32. Rxd3 Rxb2 33. Re3) 31... Bxe5 {[%emt 0:00:18] Black is clearly winning.} 32. dxe5 Rxb2 {[%emt 0:00:06] aiming for ...c3.} 33. Rxb2 Nxb2 34. Kf1 c3 {[%emt 0:00:23] And now ...c2 would win.} 35. Ke1 Nd3+ 36. Ke2 c2 37. Rc4 c1=Q 38. Rxc1 Nxc1+ 39. Ke3 Nd3 40. f4 Nb2 41. g4 Bb1 42. Kd4 Nxa4 43. Kd5 Nb6+ 44. Kc5 {[%emt 0:00:09] [#]} a5 $1 45. Kb5 {[%emt 0:00:03] [#]} (45. h4 a4) 45... a4 $1 {[%emt 0:00:01][%cal Oa4a3] ( -> ...a3!)} 46. Kb4 Bc2 47. f5 Nd5+ 48. Ka3 Ne3 49. Kb2 Be4 50. Ka3 Bc6 51. Kb4 Ke7 52. e6 f6 53. Ka3 Nc2+ 54. Kb2 Be4 55. Ka2 a3 56. Kb3 Nd4+ 57. Kxa3 Nxf5 58. Kb4 Nh4 59. Kc5 Bg2 {[%emt 0:00:02] Weighted Error Value: White=1.38/Black=0.29 (precise)} 0-1

[Event "1st Anfield Cup 2022"]
[Site "Kyiv"]
[Date "2022.09.24"]
[Round "1.3"]
[White "Malakhatko, Vadim"]
[Black "Kovalenko, Maksym"]
[Result "1-0"]
[ECO "D30"]
[WhiteElo "2448"]
[BlackElo "2026"]
[Annotator "TA"]
[PlyCount "79"]
[EventDate "2022.09.20"]
[EventType "swiss"]
[EventCountry "UKR"]
[SourceTitle "playchess.com"]
[Source "ChessBase"]
[SourceQuality "1"]
[TimeControl "900+10"]

1. d4 d5 2. c4 e6 3. Nf3 c6 4. Qc2 f5 5. Bf4 Nf6 6. e3 Bd6 7. Nc3 O-O 8. Bd3 Ne4 9. O-O Na6 10. a3 Nc7 {[%emt 0:00:14] [#]} 11. c5 $146 {[%emt 0:01:27] A84: Dutch Defence: 2 c4 Miscellaneous.} ({Predecessor:} 11. Bxd6 Nxd6 12. Ne5 Nf7 13. f4 Ne8 14. cxd5 cxd5 15. Rac1 Bd7 16. Qb3 Ned6 17. Rc2 Rb8 18. a4 a6 {1-0 (65) Lang,M (2264)-Kuenzner,F (2267) Bayern 2007}) 11... Be7 12. Ne2 {[%emt 0:00:27] White is more active.} Bd7 13. h3 {[%emt 0:00:17] White is better.} Be8 14. Bh2 Bh5 15. Ne5 Bxe2 16. Bxe2 Ne8 17. b4 a6 18. a4 Nc7 {[%emt 0:00:02] Against b5} 19. Rab1 ({White should play} 19. f3 $18) 19... Qe8 20. Rb3 Bh4 (20... Bf6 $16 {keeps fighting.} 21. Qb2 Ra7) 21. Nf3 $18 Bd8 22. Rfb1 g5 (22... Rc8 $142 23. Bd6 Be7) 23. Ne5 g4 24. hxg4 fxg4 25. Bf4 ({Don't play} 25. Nxg4 $6 h5 $16) (25. Bxg4 Rxf2 26. Be2 Rc8 $16) 25... g3 26. fxg3 Bg5 27. Bf3 Bxf4 28. gxf4 Nf6 29. g4 Kh8 (29... Nd7 {was called for.} 30. Nxd7 Qxd7) 30. Kf2 {[%emt 0:00:58] [#] Strongly threatening Rh1.} ({Less strong is} 30. g5 Nd7 31. Nxd7 Qxd7 $18) 30... Rg8 31. Rh1 {[%emt 0:00:03] And now g5 would win.} Rg7 32. g5 Nd7 33. Bh5 Qf8 (33... Qe7 $142 34. Nf7+ Kg8 35. Nh6+ Kh8 36. Nf7+ Kg8) 34. Nxd7 Rxd7 35. Bg6 Qg8 36. Rbb1 Rf8 37. Rh6 {[%emt 0:00:31] [#] Rbh1 is the strong threat.} Rg7 38. Rbh1 Rff7 39. Bxf7 Qxf7 40. g6 {[%emt 0:00:04] Weighted Error Value: White=0.08 (flawless) /Black=0.49} 1-0

[Event "1st Anfield Cup 2022"]
[Site "Kyiv"]
[Date "2022.09.24"]
[Round "1.4"]
[White "Kazakov, Maksym"]
[Black "Bakhmatsky, Vladislav"]
[Result "0-1"]
[ECO "A01"]
[WhiteElo "2039"]
[BlackElo "2468"]
[Annotator "TA"]
[PlyCount "30"]
[EventDate "2022.09.20"]
[EventType "swiss"]
[EventCountry "UKR"]
[SourceTitle "playchess.com"]
[Source "ChessBase"]
[SourceQuality "1"]
[TimeControl "900+10"]

1. b3 Nf6 2. Bb2 g6 3. Nc3 d5 4. e3 Bg7 {[%emt 0:00:06] [#]} 5. h4 $146 ({Predecessor:} 5. d4 O-O 6. Qd2 c5 7. O-O-O cxd4 8. exd4 Nc6 9. f3 a5 10. Kb1 a4 11. Nxa4 Rxa4 12. bxa4 {½-½ (88) Jobava,B (2699)-Safarli,E (2641) Chess.com INT 2015}) 5... c5 6. h5 {[%emt 0:01:54] A01: Nimzowitsch-Larsen Opening.} gxh5 (6... Nxh5 {with more complications.} 7. Rxh5 gxh5 8. Qxh5 Nc6) 7. Nh3 d4 8. Ne2 {[%emt 0:00:18][%cal Re3d4] Black is slightly better.} Nc6 {[%emt 0:00:42][%cal Bb8c6,Bc6b4,Bb4d3][%mdl 32] Black is more active.} 9. Nhf4 e5 10. Nxh5 (10. Nd3 $17) 10... Nxh5 $19 11. Rxh5 Bg4 12. Rh1 {[%emt 0:00:13] [#]} d3 $1 {[%emt 0:00:41] aiming for ...Nb4.} 13. cxd3 $2 (13. a3 dxe2 14. Bxe2) 13... Nb4 {[%emt 0:00:02][%cal Rb4d3] Black is clearly winning.} 14. Qb1 Nxd3+ 15. Kd1 Bf5 {[%emt 0:00:38] Black took control after the opening.  Weighted Error Value: White=1.07/Black=0.07 (flawless)} 0-1

[Event "1st Anfield Cup 2022"]
[Site "Kyiv"]
[Date "2022.09.24"]
[Round "1.5"]
[White "Andreev, Eduard"]
[Black "Pyrig, Roman"]
[Result "1-0"]
[ECO "B31"]
[WhiteElo "2413"]
[BlackElo "2061"]
[Annotator "TA"]
[PlyCount "103"]
[EventDate "2022.09.20"]
[EventType "swiss"]
[EventCountry "UKR"]
[SourceTitle "playchess.com"]
[Source "ChessBase"]
[SourceQuality "1"]
[TimeControl "900+10"]

1. e4 c5 2. Nf3 Nc6 3. Bb5 g6 4. Bxc6 dxc6 5. d3 Bg7 6. h3 Qc7 7. Nc3 e5 8. Be3 b6 9. Qd2 Nf6 10. Bh6 O-O 11. O-O-O Re8 12. Bxg7 {[%emt 0:00:11] B31: Sicilian: 2...Nc6 3 Bb5 g6.} Kxg7 {[%emt 0:00:03] [#]} 13. g4 $146 ({Predecessor:} 13. h4 Bg4 14. Rdg1 Bxf3 15. gxf3 Nh5 16. Ne2 Kh8 17. Qh6 Qe7 18. Rg5 Nf6 19. Rg2 Qf8 {½-½ (34) Varitski,I (2355)-Varchenko,G (2183) Alushta 2006}) 13... b5 14. Ne2 {[%emt 0:02:53] White is slightly better.} Be6 15. Ng3 b4 {[%emt 0:01:38] [#]} 16. Nf5+ $1 Bxf5 17. gxf5 Nh5 18. Kb1 a5 19. Rhg1 Qe7 20. Rg4 $1 {[%emt 0:01:26] White is more active.} Red8 (20... c4 $14) 21. Nh4 (21. Rdg1 $16) 21... Qf6 $14 (21... Nf4 $2 22. fxg6 Qe6 23. gxf7+ Kxf7 24. Nf3 $18) 22. Rdg1 c4 ({Black should play} 22... Rd7 $14) 23. Qe3 $2 (23. fxg6 $16 fxg6 24. Nf5+ Kf7 25. Rh4 cxd3 26. cxd3) 23... cxd3 (23... Nf4 $2 24. fxg6 (24. dxc4 Rd7 $11) 24... fxg6 25. d4 $18 (25. dxc4 a4 $11)) 24. cxd3 {[%emt 0:00:02] Chess con chili.} c5 (24... Nf4 25. d4 (25. fxg6 fxg6 26. d4 Rf8 $16) 25... Rxd4 26. fxg6 Nxg6 27. Nf5+ Kh8 28. h4 $18 (28. Nxd4 exd4 29. e5 Qf5+ 30. Qe4 Qxe4+ 31. Rxe4 Rd8 $18)) 25. fxg6 (25. Qxc5 Qa6 26. Qxe5+ Kh6) 25... fxg6 26. Nf5+ (26. Qxc5 $16 {Strongly threatening Qc7+.} Rac8 27. Qa7+ (27. Qxa5 Qxf2 28. Nf5+ Kf7 $11) 27... Kh8 28. Rxg6 hxg6 29. Nxg6+ Kg8 30. f4) 26... Kf7 $2 (26... Kh8 $2 27. Rxg6 $3 Rg8 28. Rxg8+ Rxg8 29. Rxg8+ Kxg8 30. Qxc5 $18) (26... Kg8 $1 $11 {and Black is okay.}) 27. Qh6 ({Less strong is} 27. Qxc5 Qe6 $16) 27... Rh8 28. Ne3 Nf4 {[%emt 0:00:16] [#]} 29. Nd5 $2 (29. Rg5 $1 $18) 29... Nxd5 $11 30. exd5 Rad8 31. f4 {[%emt 0:00:04] And now fxe5 would win.} Rxd5 {[%emt 0:00:09] Threatens to win with ...e4.} 32. fxe5 Rxe5 33. Rf4 Rf5 34. Rgf1 Ke6 35. Rxf5 gxf5 {[%emt 0:00:02][%mdl 4096] Endgame KQR-KQR} 36. Re1+ Kf7 37. Qh5+ Qg6 $1 38. Qe2 Qf6 {[%emt 0:00:29] Prevents Qe7+.} 39. d4 Rd8 40. dxc5 f4 $1 41. Rf1 {[%emt 0:00:17] aiming for Qe4.} (41. c6 $5 f3 42. Qc4+ Kg7 43. Rg1+ Kh8 44. c7 $14) 41... Qf5+ 42. Ka1 {[%emt 0:00:02] Hoping for c6.} Rd4 $2 (42... Rd5 $11) 43. c6 $2 ({White has to play} 43. Re1 $18) 43... Re4 $14 44. Qf2 (44. Qd1 $14 {is more appropriate.} Rc4 45. Qb3 (45. Qd6 f3 $11)) 44... Rc4 $11 45. Qa7+ Kf6 $2 {[%emt 0:00:09][%mdl 8192] [#]} (45... Kg6 $11) 46. Rg1 $1 $18 {[%emt 0:00:08] Qg7+ is the strong threat.} Qg5 {[%emt 0:00:13] Inhibits Qg7+.} 47. a4 $4 (47. h4 $18 Qg3 48. Rd1) 47... Qh6 $4 (47... b3 48. Qe7+ Kxe7 49. Re1+ Kf8 50. Rd1 Rxa4+ 51. Kb1 Qg6+ 52. Rd3 Qxd3+ 53. Kc1 Rc4#) 48. Qd7 Qf8 49. Re1 Qf7 50. Qd6+ Kg5 51. Rg1+ (51. Qe5+ $142 Kh6 52. Rg1 Qg6 53. Rxg6+ hxg6 54. c7 Rc1+ 55. Ka2 g5 56. Qe6+ Kg7 57. c8=Q) 51... Kh4 52. Qh6+ {Weighted Error Value: White=0.39/Black=0.62} 1-0

[Event "1st Anfield Cup 2022"]
[Site "Kyiv"]
[Date "2022.09.24"]
[Round "1.6"]
[White "Shepelev, Igor"]
[Black "Grinev, Valeriy"]
[Result "0-1"]
[ECO "D93"]
[WhiteElo "2076"]
[BlackElo "2425"]
[Annotator "TA"]
[PlyCount "92"]
[EventDate "2022.09.20"]
[EventType "swiss"]
[EventCountry "UKR"]
[SourceTitle "playchess.com"]
[Source "ChessBase"]
[SourceQuality "1"]
[TimeControl "900+10"]

1. d4 Nf6 2. c4 g6 3. Nc3 d5 4. Nf3 Bg7 5. Bf4 O-O 6. e3 c5 7. Rc1 cxd4 8. exd4 Nc6 {[%emt 0:00:23] D93: Grünfeld: 4 Nf3 Bg7 5 Bf4 0-0 6 e3.} 9. Be2 dxc4 10. Bxc4 Bg4 {[%emt 0:00:14] The position is equal.} 11. O-O {[%emt 0:00:39] [#]} Rc8 $146 ({Predecessor:} 11... Nh5 12. Be3 Nxd4 13. Bxd4 Bxf3 14. Qxf3 Qxd4 15. Bd5 Qb4 16. Bxb7 Rab8 17. Bd5 Qxb2 18. Na4 {0-1 (52) Campusano Espinosa,Z (2154)-Polanco Nunez,Y (2184) Santo Domingo 2017}) 12. d5 (12. Be2 $15) 12... e5 (12... Nh5 $1 $17 13. Be3 Bxf3 14. gxf3 Nd4 15. Bxd4 Rxc4 16. Bxg7 Nxg7) 13. dxe6 $14 fxe6 ({Don't do} 13... Bxe6 14. Bxe6 Qxd1 15. Bxf7+ (15. Nxd1 fxe6 16. Nc3 Nd5 $11) 15... Rxf7 16. Rcxd1 $16 (16. Rfxd1 Ne4 $16)) 14. Qxd8 Rcxd8 15. Ne5 Rd4 16. Nxg4 Rxc4 17. Nxf6+ Bxf6 18. Bd2 Nb4 19. b3 {[%emt 0:01:07] [#]} (19. Ne2 $11 Rxc1 20. Rxc1) 19... Rxc3 $1 $17 {[%emt 0:00:03] Black has more active pieces.} 20. Bxc3 Nxa2 21. Bxf6 Nxc1 22. Rxc1 Rxf6 {[%emt 0:00:03][%mdl 4096] Endgame KR-KR} 23. f3 e5 24. Kf2 (24. Rc8+ $142 Kg7 25. Rc7+ Rf7 26. Rc8) 24... e4 ({Black should play} 24... Rb6 25. Rc3 Kf7) 25. Rc8+ Rf8 26. Rc7 {[%emt 0:00:45] [#]} ({Much weaker is} 26. Rxf8+ $6 Kxf8 27. fxe4 Ke7 $15) 26... Rf7 $1 27. Rc8+ Kg7 28. Ke3 (28. b4 $142) 28... exf3 29. gxf3 Kf6 30. Rc5 (30. h4 $17) 30... Ke6 $19 31. h4 Kd6 32. b4 Rf5 {[%emt 0:00:07] Prevents h5.} 33. Rc4 a6 34. Ke4 b6 35. Rd4+ Kc6 36. Rd8 $2 (36. Rc4+ Kb5 37. Rd4) 36... Rh5 {[%emt 0:00:04] Black is clearly winning.} 37. f4 Rxh4 38. Ke5 Rh5+ 39. Ke4 Kb5 40. Rd6 Rh1 41. Ke5 Re1+ 42. Kf6 Re4 43. Kg5 Rxb4 44. Rd7 h6+ 45. Kg4 g5 46. Rd5+ Ka4 {[%emt 0:00:03] Weighted Error Value: White=0.42/Black=0.09 (flawless)} 0-1

[Event "1st Anfield Cup 2022"]
[Site "Kyiv"]
[Date "2022.09.24"]
[Round "2.2"]
[White "Oleynik, Alexander"]
[Black "Malakhatko, Vadim"]
[Result "0-1"]
[ECO "B23"]
[WhiteElo "2249"]
[BlackElo "2448"]
[Annotator "TA"]
[PlyCount "66"]
[EventDate "2022.09.20"]
[EventType "swiss"]
[EventCountry "UKR"]
[SourceTitle "playchess.com"]
[Source "ChessBase"]
[SourceQuality "1"]
[TimeControl "900+10"]

1. e4 c5 2. Nc3 e6 3. g3 Nc6 4. Bg2 g6 5. d3 Bg7 6. Be3 d6 7. Nge2 Nd4 8. Qd2 Qa5 9. h4 {[%emt 0:01:04] B26: Closed Sicilian: 3 g3, lines with early Be3.} h6 {[%emt 0:00:10] [#]} 10. a3 $146 ({Predecessor:} 10. O-O Bd7 11. Nc1 Ne7 12. Nb3 Qc7 13. f4 f5 14. Qf2 Nec6 15. e5 O-O 16. Rae1 {0-1 (34) Kettner,J-Eising,J (2355) Germany 1986}) 10... Ne7 11. Nc1 (11. Rb1 $14 {feels stronger.}) 11... Nec6 12. O-O Ne5 13. f3 h5 14. b4 (14. Ra2 $11) 14... cxb4 $15 {[%emt 0:00:54] Black is much more active. The white rooks are badly placed.} 15. Bxd4 (15. Nb1 $17 {nothing else works.}) 15... Nxf3+ $1 $19 {[%emt 0:00:33][%mdl 64] [#] Discovered Attack} ({Stronger than} 15... bxc3 16. Qe3 $11) 16. Rxf3 Bxd4+ {[%emt 0:00:03][%mdl 64] Pin} 17. Kh2 {[%emt 0:00:11] And now Nb3 would win.} Bxc3 18. Qf4 O-O 19. Nb3 Qe5 20. Qc1 (20. Ra2 {was worth a try.}) 20... Bxa1 {[%emt 0:00:10] Black is clearly winning.} 21. Nxa1 a5 22. Nb3 a4 23. Nd2 bxa3 {[%emt 0:00:19] [#] White must now prevent ...Qb2.} 24. Qxa3 Qc5 25. Qa1 e5 26. c3 Bg4 27. d4 Qc7 28. Re3 a3 29. Qa2 b5 30. Bf1 Qb6 31. Rd3 Be6 32. d5 Qf2+ 33. Bg2 Bg4 {[%emt 0:00:02] White did not feel at home in the position after the opening.  Weighted Error Value: White=0.97/Black=0.27 (precise)} 0-1

[Event "1st Anfield Cup 2022"]
[Site "Kyiv"]
[Date "2022.09.24"]
[Round "2.3"]
[White "Bakhmatsky, Vladislav"]
[Black "Shishkin, Vadim"]
[Result "0-1"]
[ECO "D02"]
[WhiteElo "2468"]
[BlackElo "2417"]
[Annotator "TA"]
[PlyCount "62"]
[EventDate "2022.09.20"]
[EventType "swiss"]
[EventCountry "UKR"]
[SourceTitle "playchess.com"]
[Source "ChessBase"]
[SourceQuality "1"]
[TimeControl "900+10"]

1. Nf3 Nf6 2. d4 d5 3. Bf4 e6 4. e3 Bd6 5. Ne5 O-O 6. Nd2 c5 7. c3 {[%emt 0:00:04] D02: 1 d4 d5 2 Nf3 sidelines, including 2...Nf6 3 g3 and 2...Nf6 3 Bf4.} Nc6 {[%emt 0:00:32] 7...Qc7 is the hot move.} 8. Bd3 Qc7 9. Ndf3 {[%emt 0:00:02] The position is equal.} cxd4 10. exd4 Ng4 11. Bg3 ({Of course not} 11. Bxh7+ Kxh7 12. Ng5+ Kg8 13. Qxg4 f6 14. Nxc6 e5 $17) 11... Ncxe5 12. dxe5 Nxe5 13. Nxe5 Bxe5 {[%emt 0:00:03] [#]} 14. Bxh7+ $146 {[%emt 0:00:02][%mdl 64] [#] Decoy} ({Predecessor:} 14. Qh5 f5 15. O-O Rf6 16. Bxe5 Qxe5 17. Rae1 Qf4 18. g3 Qd6 19. Qe8+ Rf8 20. Qh5 {0-1 (53) Divis,J (1536)-Dancak,S (1250) Valasska Bystrice 2019}) 14... Kxh7 (14... Kh8 $2 15. Qh5 Rd8 16. Bc2+ (16. Qxe5 Qxe5+ 17. Bxe5 Kxh7 $11) 16... Kg8 17. Bxe5 $18) 15. Qh5+ Kg8 {[%emt 0:00:02][%cal Oe5c3] Threatens to win with ...Bxc3+!} 16. Bxe5 Qe7 17. O-O-O (17. O-O $11) 17... f6 $15 18. Bg3 Qf7 (18... e5 {is more complex.} 19. f4 d4 20. cxd4 exf4 21. Bxf4 Qe4) 19. Qe2 (19. Qxf7+ $11 {keeps the balance.} Kxf7 20. f4) 19... e5 $17 {[%emt 0:01:41][%cal Od5d4] aiming for ...d4!} 20. f4 {[%emt 0:00:02] [#]} exf4 (20... d4 $1 $17 {White must now prevent ...Bf5.} 21. c4 Bf5 22. fxe5 d3) 21. Bxf4 $15 Bf5 $36 {[%emt 0:00:04][%mdl 2048] Black is more active.} 22. Rhe1 Rfe8 {[%emt 0:00:45] Prevents Qe7.} 23. Qb5 Be4 24. Rd2 Rac8 25. Qb3 a6 26. Rde2 (26. g4 $17 {was called for.}) 26... Rc4 $19 27. Be3 (27. Qb6 {keeps fighting.}) 27... Rec8 28. Kd2 (28. Qb6 $142) 28... b5 29. a3 $2 (29. Bd4) 29... Qg6 $2 (29... d4 30. Bg1 dxc3+ 31. Kc1 Bd3) 30. h3 (30. g3 {is a better defense.}) 30... Qf7 ({Stronger than} 30... Bxg2 31. Rg1 d4 32. Bxd4 Qg5+ 33. Kc2 Qf5+ 34. Kc1 $15) ({And not} 30... Bb1 31. Kc1 $19) (30... Qg3 $19 {...a5 is the strong threat.} 31. Kc1 Bg6) 31. g4 $2 (31. Qd1 $17) 31... d4 {[%emt 0:00:20] Weighted Error Value: White=0.71/Black=0.36} 0-1

[Event "1st Anfield Cup 2022"]
[Site "Kyiv"]
[Date "2022.09.24"]
[Round "2.4"]
[White "Grebeniuk, Semen"]
[Black "Andreev, Eduard"]
[Result "1/2-1/2"]
[ECO "A46"]
[WhiteElo "2315"]
[BlackElo "2413"]
[Annotator "TA"]
[PlyCount "43"]
[EventDate "2022.09.20"]
[EventType "swiss"]
[EventCountry "UKR"]
[SourceTitle "playchess.com"]
[Source "ChessBase"]
[SourceQuality "1"]
[TimeControl "900+10"]

1. d4 Nf6 2. Nf3 e6 3. Bg5 h6 4. Bxf6 Qxf6 5. Nbd2 d5 6. e4 c5 {[%emt 0:00:37] A46: 1 d4 Nf6 2 Nf3 e6: Torre, London and Colle Systems.} 7. exd5 exd5 8. Bb5+ Nc6 9. O-O {[%emt 0:00:06] And now c4 would win.} Be7 {[%emt 0:00:52] The position is equal.} 10. c3 cxd4 11. Nxd4 O-O {[%emt 0:00:06] [#]} 12. N2f3 $146 ({Predecessor:} 12. N2b3 Rd8 13. Qe2 Bd7 14. Rfe1 Bd6 15. Qf3 Qg5 16. g3 Bg4 17. Qe3 Nxd4 18. Nxd4 {½-½ (57) Nabaty,T (2564)-Roiz,M (2623) Acre 2013}) 12... Bg4 13. Qa4 Nxd4 14. Nxd4 a6 15. Bd3 b5 16. Qb3 Rad8 17. a4 b4 18. h3 Bc8 19. Rfe1 Bc5 20. Rad1 bxc3 21. bxc3 g6 22. Bf1 {[%emt 0:00:22] An interesting draw.  Weighted Error Value: White=0.05 (flawless) /Black=0.05 (flawless)} 1/2-1/2